Stars vs Coyotes

Created - 14 avril 2016 at 20:58

Goals
1 2 3 T
Stars 1 2 1 4
Coyotes 0 3 3 6
Shots
1 2 3 T
Stars 9 10 10 29
Coyotes 10 12 13 35

1st period

1. Stars , Jaromir Jagr 38 (Scott Hartnell, John Tavares) at 12:20 (PP)

Penalties :
Chris Neil (Ari) for Interference (Minor) at 11:38, Peter Worrell (Dal) for Roughing (Minor) at 18:44

2nd period

2. Coyotes , Tim Connolly 35 (Chad Larose, Wade Redden) at 1:50 (PP)
3. Coyotes , Erik Christensen 10 (Chris Neil, Tyler Ennis) at 2:34
4. Stars , Tomas Plekanec 24 (Radim Vrbata) at 7:43
5. Stars , Jaromir Jagr 39 (John Tavares, Scott Hartnell) at 9:02
6. Coyotes , Erik Cole 10 (Tim Connolly) at 16:45 (PP)

Penalties :
Brian Lee (Dal) for Interference (Minor) at 1:33, John Tavares (Dal) for Interference (Minor) at 16:40, Peter Worrell (Dal) for Interference (Minor) at 17:23

3rd period

7. Coyotes , Chad Larose 13 (Tim Connolly, Erik Cole) at 1:32
8. Stars , Marcel Hossa 16 (Shaone Morrisonn) at 10:45
9. Coyotes , Tyler Ennis 29 (Erik Christensen, Chris Neil) at 18:31
10. Coyotes , Erik Cole 11 (Tim Connolly) at 19:26 (Empty Net)

Penalties :
Trevor Daley (Dal) for Tripping (Minor) at 11:41

Goalie Stats

Ben Scrivens (Dal), 29 saves from 34 shots - (0,853), L, 1-3-0, 59:19 minutes
Ryan Miller (Ari), 25 saves from 29 shots - (0,862), W, 29-30-7, 60:00 minutes

Players Stats for Stars

Player Name              G  A  P  +/- PIM S  H  SB GA TA FO     MP     PP MP  PK MP  
------------------------------------------------------------------------------------
Andrej Meszaros          0  0  0   1  0   1  0  0  0  0  0/0    12:29   0:00   0:00 
Brian Lee                0  0  0  -3  2   0  3  0  0  0  0/0    28:15   0:42   3:29 
Chris Kunitz             0  0  0   0  0   1  0  0  0  1  0/0    14:01   0:00   1:53 
Chris Stewart            0  0  0   0  0   1  1  1  0  0  0/0    11:02   0:00   0:00 
Jaromir Jagr             2  0  2  -1  0   5  2  0  0  0  0/4    22:28   0:42   3:41 
John Tavares             0  2  2  -1  2   2  1  0  0  0  7/24   21:38   0:42   2:24 
Marcel Hossa             1  0  1   0  0   2  1  0  0  0  0/0     8:57   0:00   0:23 
Marty Reasoner           0  0  0   0  0   3  0  0  0  1  2/2     7:51   0:00   0:09 
Michael Ryder            0  0  0   0  0   3  1  1  2  0  0/0     7:56   0:00   0:00 
Paul Gaustad             0  0  0   0  0   2  1  0  0  0  0/4    10:54   0:00   0:00 
Peter Worrell            0  0  0   0  4   0  2  0  0  1  0/0    15:53   0:00   0:36 
Radim Vrbata             0  1  1   0  0   0  0  1  0  0  2/2    15:23   0:00   0:00 
Scott Hartnell           0  2  2  -1  0   3  1  0  1  0  4/8    21:57   0:42   3:32 
Scott Niedermayer        0  0  0  -3  0   1  2  1  0  2  0/0    28:33   0:42   3:46 
Shaone Morrisonn         0  1  1   1  0   0  2  2  0  2  0/0    18:53   0:00   2:33 
Tomas Plekanec           1  0  1   0  0   3  3  0  0  0  5/12   15:23   0:00   0:00 
Travis Hamonic           0  0  0   1  0   0  1  0  0  0  0/0    18:47   0:00   2:33 
Trevor Daley             0  0  0   1  2   2  0  0  0  0  0/0    13:16   0:00   0:17 

Players Stats for Coyotes

Player Name              G  A  P  +/- PIM S  H  SB GA TA FO     MP     PP MP  PK MP  
------------------------------------------------------------------------------------
Adrian Aucoin            0  0  0   1  0   0  1  2  0  0  0/0    19:32   2:33   0:00 
Anton Stralman           0  0  0   0  0   0  0  0  0  0  0/0    11:52   0:00   0:00 
Chad Larose              1  1  2   0  0   4  4  0  0  0  2/3    19:55   3:41   0:00 
Chris Neil               0  2  2   2  2   1  2  2  1  0  0/0    19:34   2:35   0:00 
Éric Belanger            0  0  0   0  0   3  0  0  0  0  4/6    13:22   0:09   0:00 
Eric Brewer              0  0  0   0  0   1  1  1  0  1  0/0    24:27   3:46   0:42 
Erik Christensen         1  1  2   2  0   2  2  0  0  0  5/9    19:37   2:35   0:00 
Erik Cole                2  1  3   0  0   4  3  1  2  0  2/2    20:25   3:35   0:42 
Jan Hlavac               0  0  0  -1  0   0  0  0  0  0  0/0     7:21   0:00   0:00 
Josh Gorges              0  0  0   1  0   1  1  0  1  1  0/0    19:12   2:33   0:00 
Kyle Okposo              0  0  0   0  0   1  1  0  0  0  0/0    13:02   0:00   0:00 
Matt Taormina            0  0  0   0  0   0  0  0  0  0  0/0     4:46   0:00   0:00 
Nazem Kadri              0  0  0  -2  0   2  0  1  0  0  2/4     7:43   0:00   0:00 
Sergei Samsonov          0  0  0   0  0   0  3  1  0  0  0/0    13:28   0:09   0:00 
T.J. Fast                0  0  0   0  0   0  1  0  0  0  0/0    11:35   0:00   0:00 
Tim Connolly             1  3  4   0  0   7  0  0  1  1  20/30  25:10   3:38   0:42 
Tyler Ennis              1  1  2   2  0   5  0  0  2  0  1/2    19:40   2:35   0:00 
Wade Redden              0  1  1   0  0   4  0  1  0  0  0/0    28:36   3:46   0:42 

3 Stars

1 - Erik Cole (Ari)
2 - Tim Connolly (Ari)
3 - Erik Christensen (Ari)

Power Play

Stars - 1 on 1 Attempt(s) - 100,00%
Coyotes - 2 on 5 Attempt(s) - 40,00%

Penalty Kill

Stars - 3 on 5 Attempt(s) - 60,00% - Score 0 goal in Penalty Kill
Coyotes - 0 on 1 Attempt(s) - 0,00% - Score 0 goal in Penalty Kill

Team Stat

Stars - Hits : 21 - Faceoff Wins : 20 - Blocked Shots : 6 - Penalty Minutes : 10
Coyotes - Hits : 19 - Faceoff Wins : 36 - Blocked Shots : 9 - Penalty Minutes : 2

Official

Referees : Joannette Marc and Walsh Ian
Linesman : Michel Cormier and Pierre Champoux

Game Notes

1:50 of 2nd period - Coyotes goal is going for a video replay. After video review, Goal.
Erik Cole has scored in a empty net!

Finance

Level 1 -- Attendance: 4440 (74,00%) -- Ticket Income 399 600 $
Level 2 -- Attendance: 4566 (91,32%) -- Ticket Income 237 432 $
Level 3 -- Attendance: 1839 (91,95%) -- Ticket Income 58 848 $
Level 4 -- Attendance: 3375 (84,38%) -- Ticket Income 74 250 $
Luxury Box -- Attendance: 642 (64,20%) -- Ticket Income 118 770 $
Game was played at the The Pack Center.
Total Attendance: 14862 (82,57%)
Total Ticket Income: 888 900 $
Other Income: 133 335 $
Total Income: 1 022 235 $

Stars

5 vs 5 Forward 
   Center                   Left Wing                Right Wing               Time % Phy DF OF 
 1 John Tavares             Scott Hartnell           Jaromir Jagr             40     1   2  2  
 2 Tomas Plekanec           Peter Worrell            Radim Vrbata             30     1   2  2  
 3 Paul Gaustad             Chris Kunitz             Chris Stewart            20     1   2  2  
 4 Marty Reasoner           Marcel Hossa             Michael Ryder            10     1   2  2  

5 vs 5 Defense 
   Defense                  Defense                                           Time % Phy DF OF 
 1 Brian Lee                Scott Niedermayer                                 40     1   2  2  
 2 Shaone Morrisonn         Travis Hamonic                                    30     1   2  2  
 3 Andrej Meszaros          Trevor Daley                                      20     1   2  2  
 4 Brian Lee                Scott Niedermayer                                 10     1   2  2  

PowerPlay Forward 
   Center                   Left Wing                Right Wing               Time % Phy DF OF 
 1 John Tavares             Scott Hartnell           Jaromir Jagr             60     1   2  2  
 2 Tomas Plekanec           Peter Worrell            Radim Vrbata             40     1   2  2  

PowerPlay Defense
   Defense                  Defense                                           Time % Phy DF OF 
 1 Brian Lee                Scott Niedermayer                                 60     1   2  2  
 2 Shaone Morrisonn         Travis Hamonic                                    40     1   2  2  

Penalty Kill 4 Players Forward 
   Center                   Wing                     Time % Phy DF OF 
 1 Scott Hartnell           Jaromir Jagr             60     1   2  2  
 2 Peter Worrell            John Tavares             40     1   2  2  

Penalty Kill 4 Players Defense
   Defense                  Defense                  Time % Phy DF OF 
 1 Brian Lee                Scott Niedermayer        60     1   2  2  
 2 Shaone Morrisonn         Travis Hamonic           40     1   2  2  

Penalty Kill - 3 Players Forward 
   Forward                                           Time % Phy DF OF 
 1 Scott Hartnell                                    60     1   2  2  
 2 Jaromir Jagr                                      40     1   2  2  

Penalty Kill - 3 Players Defense
   Defense                  Defense                  Time % Phy DF OF 
 1 Brian Lee                Scott Niedermayer        60     1   2  2  
 2 Shaone Morrisonn         Travis Hamonic           40     1   2  2  

4 vs 4 Forward 
   Center                   Wing                     Time % Phy DF OF 
 1 Scott Hartnell           Jaromir Jagr             60     1   2  2  
 2 Peter Worrell            John Tavares             40     1   2  2  

4 vs 4 Defense
   Defense                  Defense                  Time % Phy DF OF 
 1 Brian Lee                Scott Niedermayer        60     1   2  2  
 2 Shaone Morrisonn         Travis Hamonic           40     1   2  2  

Last Minutes Offensive
   Center                   Left Wing                Right Wing               Defense                  Defense                  
   John Tavares             Scott Hartnell           Jaromir Jagr             Brian Lee                Scott Niedermayer        

Last Minutes Defensive
   Center                   Left Wing                Right Wing               Defense                  Defense                  
   John Tavares             Scott Hartnell           Jaromir Jagr             Brian Lee                Scott Niedermayer        

Goaltenders
Starting : Ben Scrivens             
Backup : Pascal Leclaire          

Extra Forwards
Normal : Chris Stewart, Paul Gaustad, Chris Kunitz - PP : Chris Stewart, Paul Gaustad - PK : Chris Kunitz
Extra Defensemen
Normal : Andrej Meszaros, Trevor Daley, Shaone Morrisonn - PP : Andrej Meszaros - PK : Trevor Daley, Shaone Morrisonn
Penalty Shots
Scott Hartnell, Jaromir Jagr, Peter Worrell, John Tavares, Radim Vrbata

Coyotes

5 vs 5 Forward 
   Center                   Left Wing                Right Wing               Time % Phy DF OF 
 1 Tim Connolly             Erik Cole                Chad Larose              40     1   2  2  
 2 Erik Christensen         Tyler Ennis              Chris Neil               30     1   2  2  
 3 Éric Belanger            Sergei Samsonov          Kyle Okposo              20     1   2  2  
 4 Nazem Kadri              Jan Hlavac               Tim Connolly             10     1   2  2  

5 vs 5 Defense 
   Defense                  Defense                                           Time % Phy DF OF 
 1 Wade Redden              Eric Brewer                                       40     1   2  2  
 2 Adrian Aucoin            Josh Gorges                                       30     1   2  2  
 3 Anton Stralman           T.J. Fast                                         20     1   2  2  
 4 Matt Taormina            Wade Redden                                       10     1   2  2  

PowerPlay Forward 
   Center                   Left Wing                Right Wing               Time % Phy DF OF 
 1 Tim Connolly             Erik Cole                Chad Larose              60     1   2  2  
 2 Erik Christensen         Tyler Ennis              Chris Neil               40     1   2  2  

PowerPlay Defense
   Defense                  Defense                                           Time % Phy DF OF 
 1 Wade Redden              Eric Brewer                                       60     1   2  2  
 2 Adrian Aucoin            Josh Gorges                                       40     1   2  2  

Penalty Kill 4 Players Forward 
   Center                   Wing                     Time % Phy DF OF 
 1 Tim Connolly             Erik Cole                60     1   2  2  
 2 Chad Larose              Tyler Ennis              40     1   2  2  

Penalty Kill 4 Players Defense
   Defense                  Defense                  Time % Phy DF OF 
 1 Wade Redden              Eric Brewer              60     1   2  2  
 2 Adrian Aucoin            Josh Gorges              40     1   2  2  

Penalty Kill - 3 Players Forward 
   Forward                                           Time % Phy DF OF 
 1 Tim Connolly                                      60     1   2  2  
 2 Erik Cole                                         40     1   2  2  

Penalty Kill - 3 Players Defense
   Defense                  Defense                  Time % Phy DF OF 
 1 Wade Redden              Eric Brewer              60     1   2  2  
 2 Adrian Aucoin            Josh Gorges              40     1   2  2  

4 vs 4 Forward 
   Center                   Wing                     Time % Phy DF OF 
 1 Tim Connolly             Erik Cole                60     1   2  2  
 2 Chad Larose              Tyler Ennis              40     1   2  2  

4 vs 4 Defense
   Defense                  Defense                  Time % Phy DF OF 
 1 Wade Redden              Eric Brewer              60     1   2  2  
 2 Adrian Aucoin            Josh Gorges              40     1   2  2  

Last Minutes Offensive
   Center                   Left Wing                Right Wing               Defense                  Defense                  
   Tim Connolly             Erik Cole                Chad Larose              Wade Redden              Eric Brewer              

Last Minutes Defensive
   Center                   Left Wing                Right Wing               Defense                  Defense                  
   Tim Connolly             Erik Cole                Chad Larose              Wade Redden              Eric Brewer              

Goaltenders
Starting : Ryan Miller              
Backup : Marc Denis               

Extra Forwards
Normal : Sergei Samsonov, Éric Belanger, Jan Hlavac - PP : Sergei Samsonov, Éric Belanger - PK : Jan Hlavac
Extra Defensemen
Normal : Anton Stralman, T.J. Fast, Matt Taormina - PP : Anton Stralman - PK : T.J. Fast, Matt Taormina
Penalty Shots
Tim Connolly, Erik Cole, Chad Larose, Tyler Ennis, Sergei Samsonov

% Time on Ice - Stars

Lines # - Real PCT - Wanted PCT - Time Play
Normal Forward
1 - 35% - 40% - 18:12
2 - 31% - 30% - 16:29
3 - 19% - 20% - 10:05
4 - 15% - 10% - 7:37
Normal Defense
1 - 37% - 40% - 19:16
2 - 31% - 30% - 16:14
3 - 24% - 20% - 12:40
4 - 8% - 10% - 4:13
PP Forward
1 - 100% - 60% - 0:42
2 - 0% - 40% - 0:00
PP Defense
1 - 100% - 60% - 0:42
2 - 0% - 40% - 0:00
PK Forward
1 - 72% - 60% - 4:33
2 - 28% - 40% - 1:46
PK Defense
1 - 60% - 60% - 3:46
2 - 40% - 40% - 2:33
PK3 Forward
1 - 0% - 60%
2 - 0% - 40%
PK3 Defense
1 - 0% - 60%
2 - 0% - 40%
44 Forward
1 - 0% - 60%
2 - 0% - 40%
44 Defense
1 - 0% - 60%
2 - 0% - 40%
Last Minute Offensive  - 0:36
Last Minute Defensive  - 0:00
Total
Forward - 60:00
Defense - 60:00

% Time on Ice - Coyotes

Lines # - Real PCT - Wanted PCT - Time Play
Normal Forward
1 - 28% - 40% - 14:53
2 - 35% - 30% - 18:29
3 - 23% - 20% - 12:17
4 - 13% - 10% - 6:47
Normal Defense
1 - 37% - 40% - 19:30
2 - 32% - 30% - 16:35
3 - 22% - 20% - 11:35
4 - 9% - 10% - 4:46
PP Forward
1 - 59% - 60% - 3:44
2 - 41% - 40% - 2:35
PP Defense
1 - 60% - 60% - 3:46
2 - 40% - 40% - 2:33
PK Forward
1 - 100% - 60% - 0:42
2 - 0% - 40% - 0:00
PK Defense
1 - 100% - 60% - 0:42
2 - 0% - 40% - 0:00
PK3 Forward
1 - 0% - 60%
2 - 0% - 40%
PK3 Defense
1 - 0% - 60%
2 - 0% - 40%
44 Forward
1 - 0% - 60%
2 - 0% - 40%
44 Defense
1 - 0% - 60%
2 - 0% - 40%
Last Minute Offensive  - 0:00
Last Minute Defensive  - 0:33
Total
Forward - 60:00
Defense - 60:00

Play by Play

1st period


0:01 of 1st period - Erik Cole wins face-off versus Jaromir Jagr in neutral zone.
0:14 of 1st period - Snap shot by Erik Cole.
0:14 of 1st period - Stopped by Ben Scrivens with a rebound.
0:26 of 1st period - Brian Lee is hit by Eric Brewer and loses puck.
0:51 of 1st period - Scott Hartnell is hit by Chris Neil and loses puck.
0:56 of 1st period - Snap shot by Tyler Ennis.
0:56 of 1st period - Shot Misses the Net.
2:33 of 1st period - Radim Vrbata is hit by Sergei Samsonov and loses puck.
3:44 of 1st period - Snap shot by Erik Christensen.
3:44 of 1st period - Stopped by Ben Scrivens with a rebound.
3:46 of 1st period - Wrist shot by Chris Neil.
3:46 of 1st period - Stopped by Ben Scrivens with a rebound.
3:57 of 1st period - Icing by Peter Worrell.
3:58 of 1st period - Radim Vrbata wins face-off versus Chad Larose in Stars zone.
4:11 of 1st period - Paul Gaustad is hit by Josh Gorges and loses puck.
4:49 of 1st period - Icing by Scott Hartnell.
4:50 of 1st period - Marty Reasoner wins face-off versus Éric Belanger in Stars zone.
5:37 of 1st period - Wrist shot by Scott Hartnell.
5:37 of 1st period - Stopped by Ryan Miller with a rebound.
5:57 of 1st period - Chris Kunitz is hit by Kyle Okposo and loses puck.
6:16 of 1st period - Wrist shot by Michael Ryder.
6:16 of 1st period - Stopped by Ryan Miller with a rebound.
6:55 of 1st period - Wade Redden is hit by Jaromir Jagr and loses puck.
7:38 of 1st period - Éric Belanger is hit by Scott Hartnell and loses puck.
8:35 of 1st period - Wrist shot by Chad Larose.
8:35 of 1st period - Shot Blocked by Michael Ryder.
9:27 of 1st period - Icing by Andrej Meszaros.
9:28 of 1st period - Radim Vrbata wins face-off versus Nazem Kadri in Stars zone.
10:56 of 1st period - Wrist shot by John Tavares.
10:56 of 1st period - Shot Blocked by Adrian Aucoin.
11:04 of 1st period - Slapshot by Éric Belanger.
11:04 of 1st period - Stopped by Ben Scrivens without a rebound.
11:05 of 1st period - Tim Connolly wins face-off versus Tomas Plekanec in Stars zone.
11:16 of 1st period - Slapshot by Tim Connolly.
11:16 of 1st period - Stopped by Ben Scrivens with a rebound.
11:18 of 1st period - Wrist shot by Chad Larose.
11:18 of 1st period - Stopped by Ben Scrivens with a rebound.
11:20 of 1st period - Snap shot by Tim Connolly.
11:20 of 1st period - Stopped by Ben Scrivens without a rebound.
11:21 of 1st period - John Tavares wins face-off versus Erik Christensen in Stars zone.
11:21 of 1st period - John Tavares is hit by Erik Christensen.
11:33 of 1st period - Wrist shot by Brian Lee.
11:33 of 1st period - Shot Blocked by Chris Neil.
11:38 of 1st period - Minor Penalty to Chris Neil for Interference.
11:39 of 1st period - Tim Connolly wins face-off versus John Tavares in Coyotes zone.
12:03 of 1st period - Tim Connolly is hit by Scott Niedermayer and loses puck.
12:16 of 1st period - Snap shot by Scott Hartnell.
12:16 of 1st period - Shot Blocked by Wade Redden.
12:18 of 1st period - Slapshot by Jaromir Jagr.
12:18 of 1st period - Shot Misses the Net.
12:20 of 1st period - Wrist shot by Jaromir Jagr.
12:20 of 1st period - Goal by Jaromir Jagr - Stars : 1 - Coyotes : 0.
12:21 of 1st period - Tomas Plekanec wins face-off versus Erik Christensen in neutral zone.
12:56 of 1st period - Wrist shot by Tim Connolly.
12:56 of 1st period - Stopped by Ben Scrivens without a rebound.
12:57 of 1st period - Tim Connolly wins face-off versus John Tavares in Stars zone.
13:21 of 1st period - Josh Gorges is hit by Peter Worrell and loses puck.
13:28 of 1st period - Snap shot by Tomas Plekanec.
13:28 of 1st period - Stopped by Ryan Miller with a rebound.
13:30 of 1st period - Slapshot by Travis Hamonic.
13:30 of 1st period - Shot Misses the Net.
14:18 of 1st period - Slapshot by Marcel Hossa.
14:18 of 1st period - Stopped by Ryan Miller without a rebound.
14:19 of 1st period - Scott Hartnell wins face-off versus Tim Connolly in Coyotes zone.
14:44 of 1st period - John Tavares is hit by Sergei Samsonov and loses puck.
14:53 of 1st period - Kyle Okposo is hit by John Tavares and loses puck.
15:18 of 1st period - Wrist shot by Scott Hartnell.
15:18 of 1st period - Shot Misses the Net.
15:20 of 1st period - Snap shot by Scott Niedermayer.
15:20 of 1st period - Stopped by Ryan Miller without a rebound.
15:21 of 1st period - Tim Connolly wins face-off versus Tomas Plekanec in Coyotes zone.
15:21 of 1st period - Tim Connolly is hit by Scott Niedermayer.
16:07 of 1st period - Slapshot by Michael Ryder.
16:07 of 1st period - Stopped by Ryan Miller without a rebound.
16:08 of 1st period - Marty Reasoner wins face-off versus Erik Christensen in Coyotes zone.
16:11 of 1st period - Slapshot by Michael Ryder.
16:11 of 1st period - Stopped by Ryan Miller with a rebound.
16:39 of 1st period - Snap shot by Radim Vrbata.
16:39 of 1st period - Deflect By Peter Worrell.
16:39 of 1st period - Shot Misses the Net.
16:39 of 1st period - Puck is out of play.
16:40 of 1st period - Chad Larose wins face-off versus John Tavares in Coyotes zone.
17:15 of 1st period - Snap shot by Tyler Ennis.
17:15 of 1st period - Stopped by Ben Scrivens without a rebound.
17:16 of 1st period - Tim Connolly wins face-off versus John Tavares in Stars zone.
18:06 of 1st period - Wrist shot by Paul Gaustad.
18:06 of 1st period - Stopped by Ryan Miller without a rebound.
18:07 of 1st period - John Tavares wins face-off versus Tim Connolly in Coyotes zone.
18:32 of 1st period - Chris Neil is hit by Tomas Plekanec and loses puck.
18:44 of 1st period - Minor Penalty to Peter Worrell for Roughing.
18:45 of 1st period - Tim Connolly wins face-off versus Scott Hartnell in Stars zone.
19:18 of 1st period - Slapshot by Tyler Ennis.
19:18 of 1st period - Stopped by Ben Scrivens with a rebound.
19:20 of 1st period - Slapshot by Adrian Aucoin.
19:20 of 1st period - Shot Misses the Net.
Goals for this period are 1 for Stars vs 0 for Coyotes.
Shots for this period are 9 for Stars vs 10 for Coyotes.

2nd period


0:01 of 2nd period - Scott Hartnell wins face-off versus Tim Connolly in neutral zone.
0:12 of 2nd period - Wrist shot by Jaromir Jagr.
0:12 of 2nd period - Shot Misses the Net.
0:44 of 2nd period - Penalty to Peter Worrell is over, Peter Worrell is back on ice.
0:47 of 2nd period - Tim Connolly is hit by Peter Worrell and loses puck.
1:08 of 2nd period - Snap shot by Michael Ryder.
1:08 of 2nd period - Shot Blocked by Sergei Samsonov.
1:10 of 2nd period - Wrist shot by Marty Reasoner.
1:10 of 2nd period - Stopped by Ryan Miller without a rebound.
1:11 of 2nd period - Tyler Ennis wins face-off versus John Tavares in Coyotes zone.
1:11 of 2nd period - Tyler Ennis is hit by Jaromir Jagr.
1:33 of 2nd period - Minor Penalty to Brian Lee for Interference.
1:34 of 2nd period - Scott Hartnell wins face-off versus Tim Connolly in Stars zone.
1:34 of 2nd period - Scott Hartnell is hit by Chad Larose.
1:48 of 2nd period - Snap shot by Chad Larose.
1:48 of 2nd period - Stopped by Ben Scrivens with a rebound.
1:50 of 2nd period - Wrist shot by Tim Connolly.
1:50 of 2nd period - Coyotes goal is going for a video replay.
1:50 of 2nd period - The goal is good.
1:50 of 2nd period - Goal by Tim Connolly - Stars : 1 - Coyotes : 1.
1:51 of 2nd period - Tim Connolly wins face-off versus John Tavares in neutral zone.
1:54 of 2nd period - Scott Hartnell is hit by Chad Larose and loses puck.
2:01 of 2nd period - Snap shot by Erik Cole.
2:01 of 2nd period - Stopped by Ben Scrivens with a rebound.
2:03 of 2nd period - Snap shot by Chad Larose.
2:03 of 2nd period - Stopped by Ben Scrivens with a rebound.
2:18 of 2nd period - Icing by Peter Worrell.
2:19 of 2nd period - Erik Christensen wins face-off versus Tomas Plekanec in Stars zone.
2:34 of 2nd period - Wrist shot by Erik Christensen.
2:34 of 2nd period - Goal by Erik Christensen - Stars : 1 - Coyotes : 2.
2:35 of 2nd period - Tim Connolly wins face-off versus John Tavares in neutral zone.
2:50 of 2nd period - Snap shot by John Tavares.
2:50 of 2nd period - Shot Misses the Net.
3:25 of 2nd period - Snap shot by Erik Christensen.
3:25 of 2nd period - Shot Misses the Net.
4:11 of 2nd period - Wrist shot by John Tavares.
4:11 of 2nd period - Shot Blocked by Adrian Aucoin.
4:33 of 2nd period - Wrist shot by Michael Ryder.
4:33 of 2nd period - Deflect By Marty Reasoner.
4:33 of 2nd period - Stopped by Ryan Miller without a rebound.
4:34 of 2nd period - Erik Christensen wins face-off versus John Tavares in Coyotes zone.
5:24 of 2nd period - Peter Worrell is hit by Chad Larose and loses puck.
7:13 of 2nd period - Slapshot by Erik Christensen.
7:13 of 2nd period - Shot Blocked by Chris Stewart.
7:38 of 2nd period - Anton Stralman is hit by Tomas Plekanec and loses puck.
7:43 of 2nd period - Slapshot by Tomas Plekanec.
7:43 of 2nd period - Goal by Tomas Plekanec - Stars : 2 - Coyotes : 2.
7:44 of 2nd period - Tim Connolly wins face-off versus John Tavares in neutral zone.
7:56 of 2nd period - Icing by Brian Lee.
7:57 of 2nd period - Tim Connolly wins face-off versus Jaromir Jagr in Stars zone.
8:30 of 2nd period - Wrist shot by Scott Hartnell.
8:30 of 2nd period - Deflect By Jaromir Jagr.
8:30 of 2nd period - Shot Misses the Net.
8:30 of 2nd period - Puck is out of play.
8:31 of 2nd period - Tomas Plekanec wins face-off versus Erik Christensen in Coyotes zone.
8:45 of 2nd period - Snap shot by Tyler Ennis.
8:45 of 2nd period - Stopped by Ben Scrivens without a rebound.
8:46 of 2nd period - John Tavares wins face-off versus Tim Connolly in Stars zone.
8:46 of 2nd period - John Tavares is hit by Chad Larose.
8:58 of 2nd period - Snap shot by Jaromir Jagr.
8:58 of 2nd period - Stopped by Ryan Miller with a rebound.
9:00 of 2nd period - Wrist shot by Jaromir Jagr.
9:00 of 2nd period - Shot Misses the Net.
9:02 of 2nd period - Snap shot by Jaromir Jagr.
9:02 of 2nd period - Goal by Jaromir Jagr - Stars : 3 - Coyotes : 2.
9:03 of 2nd period - Tim Connolly wins face-off versus John Tavares in neutral zone.
9:07 of 2nd period - Off-side.
9:08 of 2nd period - John Tavares wins face-off versus Tim Connolly in neutral zone.
9:21 of 2nd period - Brian Lee is hit by Erik Cole and loses puck.
10:23 of 2nd period - Wrist shot by Chris Kunitz.
10:23 of 2nd period - Shot Misses the Net.
10:37 of 2nd period - Wrist shot by Jaromir Jagr.
10:37 of 2nd period - Deflect By Tyler Ennis.
10:37 of 2nd period - Stopped by Ryan Miller with a rebound.
10:39 of 2nd period - Slapshot by Scott Hartnell.
10:39 of 2nd period - Stopped by Ryan Miller without a rebound.
10:40 of 2nd period - Tim Connolly wins face-off versus Jaromir Jagr in Coyotes zone.
10:53 of 2nd period - Slapshot by Tim Connolly.
10:53 of 2nd period - Stopped by Ben Scrivens without a rebound.
10:54 of 2nd period - Tomas Plekanec wins face-off versus Tyler Ennis in Stars zone.
11:11 of 2nd period - Wade Redden is hit by Brian Lee and loses puck.
11:29 of 2nd period - Snap shot by John Tavares.
11:29 of 2nd period - Stopped by Ryan Miller with a rebound.
11:31 of 2nd period - Snap shot by Scott Hartnell.
11:31 of 2nd period - Deflect By Jaromir Jagr.
11:31 of 2nd period - Stopped by Ryan Miller without a rebound.
11:32 of 2nd period - Tim Connolly wins face-off versus Paul Gaustad in Coyotes zone.
12:17 of 2nd period - Icing by Josh Gorges.
12:18 of 2nd period - Tomas Plekanec wins face-off versus Nazem Kadri in Coyotes zone.
12:19 of 2nd period - Wrist shot by Radim Vrbata.
12:19 of 2nd period - Shot Misses the Net.
12:31 of 2nd period - Snap shot by Tim Connolly.
12:31 of 2nd period - Stopped by Ben Scrivens without a rebound.
12:32 of 2nd period - Tim Connolly wins face-off versus John Tavares in Stars zone.
12:58 of 2nd period - Eric Brewer is hit by Brian Lee and loses puck.
13:11 of 2nd period - Snap shot by Tomas Plekanec.
13:11 of 2nd period - Stopped by Ryan Miller with a rebound.
13:25 of 2nd period - Andrej Meszaros is hit by T.J. Fast and loses puck.
13:44 of 2nd period - Snap shot by Nazem Kadri.
13:44 of 2nd period - Stopped by Ben Scrivens without a rebound.
13:45 of 2nd period - Nazem Kadri wins face-off versus John Tavares in Stars zone.
13:48 of 2nd period - Wrist shot by Tim Connolly.
13:48 of 2nd period - Shot Misses the Net.
14:00 of 2nd period - Snap shot by Scott Hartnell.
14:00 of 2nd period - Deflect By John Tavares.
14:00 of 2nd period - Shot Misses the Net.
14:00 of 2nd period - Puck is out of play.
14:01 of 2nd period - Tomas Plekanec wins face-off versus Tim Connolly in Coyotes zone.
15:37 of 2nd period - Tim Connolly is hit by Marcel Hossa and loses puck.
16:19 of 2nd period - Wrist shot by Nazem Kadri.
16:19 of 2nd period - Stopped by Ben Scrivens without a rebound.
16:20 of 2nd period - Nazem Kadri wins face-off versus Tomas Plekanec in Stars zone.
16:29 of 2nd period - Snap shot by Tim Connolly.
16:29 of 2nd period - Shot Blocked by Scott Niedermayer.
16:31 of 2nd period - Wrist shot by Jan Hlavac.
16:31 of 2nd period - Deflect By Tim Connolly.
16:31 of 2nd period - Shot Misses the Net.
16:31 of 2nd period - Puck is out of play.
16:32 of 2nd period - Erik Christensen wins face-off versus John Tavares in Stars zone.
16:40 of 2nd period - Minor Penalty to John Tavares for Interference.
16:41 of 2nd period - Tim Connolly wins face-off versus Scott Hartnell in Stars zone.
16:45 of 2nd period - Snap shot by Erik Cole.
16:45 of 2nd period - Goal by Erik Cole - Stars : 3 - Coyotes : 3.
16:46 of 2nd period - John Tavares wins face-off versus Tim Connolly in neutral zone.
17:23 of 2nd period - Minor Penalty to Peter Worrell for Interference.
17:24 of 2nd period - Tim Connolly wins face-off versus Scott Hartnell in Stars zone.
17:40 of 2nd period - Slapshot by Wade Redden.
17:40 of 2nd period - Deflect By Scott Hartnell.
17:40 of 2nd period - Stopped by Ben Scrivens with a rebound.
18:34 of 2nd period - Tyler Ennis is hit by Travis Hamonic and loses puck.
19:09 of 2nd period - Shaone Morrisonn is hit by Adrian Aucoin and loses puck.
19:20 of 2nd period - Travis Hamonic is hit by Sergei Samsonov and loses puck.
19:23 of 2nd period - Penalty to Peter Worrell is over, Peter Worrell is back on ice.
Goals for this period are 2 for Stars vs 3 for Coyotes.
Shots for this period are 10 for Stars vs 12 for Coyotes.

3rd period


0:01 of 3rd period - John Tavares wins face-off versus Tim Connolly in neutral zone.
0:06 of 3rd period - Wade Redden is hit by Brian Lee and loses puck.
0:45 of 3rd period - Icing by T.J. Fast.
0:46 of 3rd period - Éric Belanger wins face-off versus Paul Gaustad in Coyotes zone.
0:46 of 3rd period - Éric Belanger is hit by Chris Stewart.
1:12 of 3rd period - Slapshot by Éric Belanger.
1:12 of 3rd period - Stopped by Ben Scrivens with a rebound.
1:14 of 3rd period - Wrist shot by Kyle Okposo.
1:14 of 3rd period - Shot Blocked by Shaone Morrisonn.
1:16 of 3rd period - Wrist shot by Wade Redden.
1:16 of 3rd period - Stopped by Ben Scrivens with a rebound.
1:18 of 3rd period - Backhand shot by Eric Brewer.
1:18 of 3rd period - Shot Blocked by Shaone Morrisonn.
1:20 of 3rd period - Slapshot by Wade Redden.
1:20 of 3rd period - Stopped by Ben Scrivens with a rebound.
1:22 of 3rd period - Snap shot by Éric Belanger.
1:22 of 3rd period - Stopped by Ben Scrivens with a rebound.
1:24 of 3rd period - Slapshot by Wade Redden.
1:24 of 3rd period - Deflect By Chris Stewart.
1:24 of 3rd period - Stopped by Ben Scrivens without a rebound.
1:25 of 3rd period - Tim Connolly wins face-off versus John Tavares in Stars zone.
1:32 of 3rd period - Wrist shot by Chad Larose.
1:32 of 3rd period - Goal by Chad Larose - Stars : 3 - Coyotes : 4.
1:33 of 3rd period - Tim Connolly wins face-off versus John Tavares in neutral zone.
1:49 of 3rd period - Icing by Wade Redden.
1:50 of 3rd period - Tim Connolly wins face-off versus Tomas Plekanec in Coyotes zone.
1:50 of 3rd period - Tim Connolly is hit by Tomas Plekanec.
2:20 of 3rd period - Wrist shot by Tim Connolly.
2:20 of 3rd period - Shot Misses the Net.
2:22 of 3rd period - Wrist shot by Tim Connolly.
2:22 of 3rd period - Stopped by Ben Scrivens without a rebound.
2:23 of 3rd period - Erik Christensen wins face-off versus John Tavares in Stars zone.
2:26 of 3rd period - Wrist shot by Tyler Ennis.
2:26 of 3rd period - Stopped by Ben Scrivens with a rebound.
2:58 of 3rd period - Snap shot by Sergei Samsonov.
2:58 of 3rd period - Shot Misses the Net.
3:45 of 3rd period - Snap shot by Marcel Hossa.
3:45 of 3rd period - Shot Misses the Net.
3:47 of 3rd period - Snap shot by Marty Reasoner.
3:47 of 3rd period - Stopped by Ryan Miller with a rebound.
4:13 of 3rd period - Wrist shot by John Tavares.
4:13 of 3rd period - Shot Blocked by Chris Neil.
4:15 of 3rd period - Slapshot by Trevor Daley.
4:15 of 3rd period - Stopped by Ryan Miller with a rebound.
4:35 of 3rd period - Snap shot by Éric Belanger.
4:35 of 3rd period - Shot Misses the Net.
5:42 of 3rd period - Slapshot by Paul Gaustad.
5:42 of 3rd period - Shot Misses the Net.
5:44 of 3rd period - Wrist shot by Chris Stewart.
5:44 of 3rd period - Shot Misses the Net.
5:53 of 3rd period - Icing by T.J. Fast.
5:54 of 3rd period - Erik Christensen wins face-off versus Tomas Plekanec in Coyotes zone.
5:54 of 3rd period - Erik Christensen is hit by Shaone Morrisonn.
6:26 of 3rd period - Slapshot by Josh Gorges.
6:26 of 3rd period - Stopped by Ben Scrivens with a rebound.
7:11 of 3rd period - Wrist shot by Michael Ryder.
7:11 of 3rd period - Deflect By Marty Reasoner.
7:11 of 3rd period - Shot Blocked by Nazem Kadri.
7:11 of 3rd period - Puck is out of play.
7:12 of 3rd period - John Tavares wins face-off versus Éric Belanger in Coyotes zone.
7:13 of 3rd period - Snap shot by Scott Hartnell.
7:13 of 3rd period - Stopped by Ryan Miller without a rebound.
7:14 of 3rd period - Éric Belanger wins face-off versus Scott Hartnell in Coyotes zone.
7:30 of 3rd period - Snap shot by John Tavares.
7:30 of 3rd period - Stopped by Ryan Miller with a rebound.
8:00 of 3rd period - Snap shot by Paul Gaustad.
8:00 of 3rd period - Stopped by Ryan Miller with a rebound.
8:02 of 3rd period - Slapshot by Trevor Daley.
8:02 of 3rd period - Stopped by Ryan Miller with a rebound.
8:04 of 3rd period - Snap shot by Chris Stewart.
8:04 of 3rd period - Stopped by Ryan Miller with a rebound.
8:06 of 3rd period - Snap shot by Chris Kunitz.
8:06 of 3rd period - Stopped by Ryan Miller with a rebound.
8:08 of 3rd period - Snap shot by Chris Kunitz.
8:08 of 3rd period - Shot Blocked by Eric Brewer.
8:10 of 3rd period - Slapshot by Andrej Meszaros.
8:10 of 3rd period - Stopped by Ryan Miller without a rebound.
8:11 of 3rd period - Chad Larose wins face-off versus Jaromir Jagr in Coyotes zone.
9:46 of 3rd period - Snap shot by John Tavares.
9:46 of 3rd period - Shot Misses the Net.
9:48 of 3rd period - Snap shot by Jaromir Jagr.
9:48 of 3rd period - Shot Misses the Net.
10:03 of 3rd period - Snap shot by Erik Cole.
10:03 of 3rd period - Shot Misses the Net.
10:05 of 3rd period - Wrist shot by Erik Cole.
10:05 of 3rd period - Shot Blocked by Radim Vrbata.
10:07 of 3rd period - Snap shot by Erik Cole.
10:07 of 3rd period - Shot Misses the Net.
10:43 of 3rd period - Snap shot by Marcel Hossa.
10:43 of 3rd period - Shot Misses the Net.
10:45 of 3rd period - Snap shot by Marcel Hossa.
10:45 of 3rd period - Goal by Marcel Hossa - Stars : 4 - Coyotes : 4.
10:46 of 3rd period - Tim Connolly wins face-off versus John Tavares in neutral zone.
10:57 of 3rd period - Snap shot by Jaromir Jagr.
10:57 of 3rd period - Shot Misses the Net.
10:59 of 3rd period - Slapshot by John Tavares.
10:59 of 3rd period - Shot Blocked by Erik Cole.
11:01 of 3rd period - Slapshot by Travis Hamonic.
11:01 of 3rd period - Shot Hit the Post.
11:41 of 3rd period - Minor Penalty to Trevor Daley for Tripping.
11:42 of 3rd period - Scott Hartnell wins face-off versus Tim Connolly in Stars zone.
13:08 of 3rd period - Erik Christensen is hit by Shaone Morrisonn and loses puck.
13:41 of 3rd period - Penalty to Trevor Daley is over, Trevor Daley is back on ice.
13:57 of 3rd period - Wrist shot by Kyle Okposo.
13:57 of 3rd period - Stopped by Ben Scrivens with a rebound.
13:59 of 3rd period - Wrist shot by Éric Belanger.
13:59 of 3rd period - Shot Misses the Net.
14:01 of 3rd period - Snap shot by Eric Brewer.
14:01 of 3rd period - Stopped by Ben Scrivens with a rebound.
16:17 of 3rd period - Chris Kunitz is hit by Erik Cole.
16:27 of 3rd period - Wade Redden is hit by Paul Gaustad and loses puck.
17:48 of 3rd period - Icing by Scott Niedermayer.
17:49 of 3rd period - Erik Cole wins face-off versus Tomas Plekanec in Stars zone.
18:06 of 3rd period - Wade Redden is hit by Michael Ryder and loses puck.
18:24 of 3rd period - Scott Niedermayer is hit by Chris Neil and loses puck.
18:31 of 3rd period - Slapshot by Tyler Ennis.
18:31 of 3rd period - Goal by Tyler Ennis - Stars : 4 - Coyotes : 5.
18:32 of 3rd period - Éric Belanger wins face-off versus Paul Gaustad in neutral zone.
18:45 of 3rd period - Stars, Ben Scrivens is pulled from the net.
18:57 of 3rd period - Scott Hartnell is hit by Erik Cole.
19:24 of 3rd period - Slapshot by Erik Cole.
19:24 of 3rd period - Shot Misses the Net.
19:26 of 3rd period - Wrist shot by Erik Cole.
19:26 of 3rd period - Goal by Erik Cole - Stars : 4 - Coyotes : 6.
19:26 of 3rd period - Ben Scrivens from Stars was sent back in the game.
19:27 of 3rd period - Éric Belanger wins face-off versus Paul Gaustad in neutral zone.
19:52 of 3rd period - Tomas Plekanec is hit by Erik Christensen and loses puck.
Goals for this period are 1 for Stars vs 3 for Coyotes.
Shots for this period are 10 for Stars vs 13 for Coyotes.